AoeStats
← Sylar

Black Forest

503185230Analyzed
3v3 RM · 2mo ago on Aug 30, 2026· 63m 27s· 6 players
Game mode
Random Map
Map size
Normal (6 player)
Population
200
Speed
Normal
Resources
Standard
Victory
Conquest
Starting age
Dark Age
Ending age
Imperial Age
RankedLock teamsTeams togetherTeam positionsShared explorationLock speedFull tech treeHidden civsTurbo modeCheats
Victory
Defeat
🇩🇪 Persians · Germany
834
+15
🇸🇪 Teutons · Sweden
826
+15
🇺🇸 Chinese · United States
784
+17
vs
🇫🇷 Khmer · France
845
-17
🇫🇷 Mongols · France
807
-16
🇫🇷 Bohemians · France
793
-15
CrêpeCaramel
1:43 Loom
10:48 Feudal Age
11:26 Double-Bit Axe
11:25 Horse Collar
20:27 Castle Age
22:33 Wheelbarrow
25:14 Stone Mining
27:49 Bow Saw
28:26 Heavy Plow
29:50 Stone Shaft Mining
29:15 Gold Mining
29:56 Fletching
30:16 Scale Barding Armor
31:15 Hand Cart
34:24 Imperial Age
32:40 Fortified Wall
32:22 Town Watch
32:55 Forging
32:38 Fletching
35:05 Tusk Swords
34:28 Elite Ballista Elephant
36:59 Iron Casting
36:45 Chain Barding Armor
36:26 Padded Archer Armor
36:28 Husbandry
36:39 Bloodlines
37:55 Caravan
39:03 Hoardings
38:48 Pikeman
40:18 Elite Battle Elephant
41:17 Light Cavalry
44:29 Blast Furnace
44:05 Plate Barding Armor
43:31 Scale Mail Armor
44:17 Leather Archer Armor
44:15 Double Crossbow
45:14 Bodkin Arrow
46:33 Double Crossbow
46:45 Hussar
47:57 Chain Mail Armor
49:25 Conscription
49:23 Bracer
50:11 Elite Skirmisher
51:41 Cavalier
57:39 Halberdier
Nomisteak
0:57 Loom
12:26 Feudal Age
13:35 Double-Bit Axe
19:39 Castle Age
17:51 Horse Collar
21:56 Heavy Plow
22:08 Bow Saw
24:27 Wheelbarrow
24:42 Forging
24:32 Scale Mail Armor
25:38 Fortified Wall
25:56 Hand Cart
25:29 Town Watch
31:50 Imperial Age
30:23 Murder Holes
30:08 Treadmill Crane
30:35 Padded Archer Armor
33:00 Chemistry
32:21 Ballistics
32:20 Chain Mail Armor
34:07 Two-Man Saw
33:29 Masonry
34:20 Squires
33:40 Pikeman
34:06 Arson
35:27 Siege Engineers
36:01 Iron Casting
35:57 Plate Mail Armor
36:55 Town Patrol
37:21 Caravan
37:36 Houfnice
38:47 Conscription
38:33 Elite Hussite Wagon
44:04 Halberdier
Sylar
0:34 Loom
15:21 Feudal Age
22:40 Castle Age
21:26 Horse Collar
21:35 Double-Bit Axe
21:43 Stone Mining
21:45 Gold Mining
21:43 Town Watch
23:34 Wheelbarrow
23:43 Bow Saw
27:42 Heavy Plow
29:34 Fortified Wall
34:11 Gold Shaft Mining
34:12 Stone Shaft Mining
39:28 Imperial Age
37:18 Nomads
38:16 Padded Archer Armor
38:06 Fletching
39:45 Hand Cart
39:31 Town Patrol
39:58 Thumb Ring
39:59 Elite Mangudai
41:01 Conscription
41:04 Drill
42:17 Crossbowman
43:33 Leather Archer Armor
43:13 Bodkin Arrow
43:31 Forging
44:03 Onager
45:39 Arbalester
46:16 Siege Onager
47:19 Heavy Scorpion
50:46 Chemistry
50:07 Ballistics
49:37 Capped Ram
50:15 Elite Skirmisher
51:43 Caravan
51:41 Siege Ram
darthfunk85
13:31 Feudal Age
14:52 Wheelbarrow
14:38 Loom
15:35 Wheelbarrow
14:52 Double-Bit Axe
14:49 Horse Collar
21:50 Castle Age
20:15 Fletching
20:10 Man-at-Arms
22:33 Gold Mining
23:12 Crossbowman
23:56 Squires
25:06 Bow Saw
25:28 Caravan
25:29 Pikeman
27:23 Heavy Plow
30:21 Thumb Ring
31:57 Hand Cart
35:13 Stone Mining
38:08 Imperial Age
37:18 Great Wall
38:26 Fortified Wall
38:17 Guard Tower
39:15 Conscription
38:21 Halberdier
38:23 Elite Fire Lancer
38:27 Arbalester
42:16 Bodkin Arrow
42:24 Scale Mail Armor
42:25 Padded Archer Armor
42:38 Forging
43:12 Rocketry
42:34 Heavy Scorpion
42:45 Cavalier
43:26 Husbandry
43:37 Bloodlines
45:11 Chemistry
44:03 Arrowslits
46:29 Elite Chu Ko Nu
47:43 Leather Archer Armor
53:29 Chain Mail Armor
53:15 Bracer
53:46 Ring Archer Armor
53:52 Iron Casting
54:08 Heavy Rocket Cart
Gonvalon10
1:39 Loom
13:15 Feudal Age
17:09 Castle Age
15:47 Horse Collar
16:30 Town Watch
17:53 Heavy Plow
18:32 Double-Bit Axe
19:48 Bow Saw
24:46 Gold Mining
26:24 Gold Shaft Mining
30:18 Imperial Age
30:13 Wheelbarrow
29:47 Fletching
29:57 Padded Archer Armor
31:37 Chemistry
33:15 Two-Man Saw
32:53 Crop Rotation
32:24 Bodkin Arrow
32:44 Leather Archer Armor
33:17 Kamandaran
33:38 Conscription
34:59 Pikeman
35:40 Squires
35:01 Crossbowman
35:47 Thumb Ring
36:12 Bloodlines
36:02 Husbandry
37:14 Hand Cart
36:59 Town Patrol
37:37 Ring Archer Armor
37:33 Masonry
37:25 Arson
38:14 Caravan
39:26 Devotion
40:03 Ballistics
39:44 Halberdier
40:30 Scale Mail Armor
40:42 Forging
41:25 Hoardings
41:01 Citadels
41:06 Man-at-Arms
41:31 Gambesons
43:27 Light Cavalry
46:35 Iron Casting
46:17 Chain Mail Armor
46:07 Scale Barding Armor
55:20 Elite Skirmisher
GABR1EL
0:27 Loom
12:43 Feudal Age
14:56 Wheelbarrow
14:24 Double-Bit Axe
14:35 Horse Collar
14:51 Stone Mining
24:25 Castle Age
23:31 Gold Mining
23:39 Fletching
24:02 Forging
23:54 Scale Mail Armor
23:54 Padded Archer Armor
24:00 Scale Barding Armor
25:23 Bow Saw
26:21 Caravan
26:42 Bodkin Arrow
27:29 Heavy Plow
35:04 Imperial Age
32:52 Hand Cart
32:23 Town Watch
36:41 Iron Casting
38:51 Two-Man Saw
38:24 Crop Rotation
39:02 Bloodlines
38:13 Cavalier
39:40 Guilds
39:54 Fortified Wall
41:59 Crenellations
42:01 Ironclad
41:01 Elite Teutonic Knight
42:02 Conscription
42:12 Elite Skirmisher
43:27 Leather Archer Armor
44:12 Blast Furnace
43:28 Chain Mail Armor
43:33 Chain Barding Armor
44:17 Heavy Scorpion
46:00 Chemistry
44:46 Arrowslits
45:07 Siege Engineers
45:13 Masonry
45:24 Ballistics
48:28 Town Patrol
49:06 Hoardings
48:30 Guard Tower
49:13 Plate Mail Armor
49:19 Plate Barding Armor
49:15 Ring Archer Armor
49:22 Pikeman
50:02 Squires
49:48 Arson
49:24 Man-at-Arms
49:50 Gambesons
50:52 Halberdier
50:52 Long Swordsman
53:28 Keep
58:49 Two-Handed Swordsman
61:41 Champion
Connection lost

Rejoining the realm…

Still unreachable

The connection could not be restored.

Session expired

The server has moved on; the page needs a fresh start.